 Dungeon Crawl Stone Soup version 0.28-a0-1429-gf3d713df7a (webtiles) character file.

Game seed: 16420146487838568944

2414 Gargoyl the Skirmisher (level 9, -2/74 HPs)
             Began as a Gnoll Abyssal Knight on Jan 8, 2022.
             Was an Elder of Lugonu.
             Slain by a troll (4 damage)
             ... on level 9 of the Dungeon.
             The game lasted 00:10:49 (9127 turns).

Gargoyl the Skirmisher (Gnoll Abyssal Knight)       Turns: 9127, Time: 00:10:49

Health: -2/74      AC: 11    Str: 16    XL:     9   Next: 47%
Magic:  15/15      EV: 12    Int:  5    God:    Lugonu [****..]
Gold:   444        SH:  0    Dex: 13    Spells: 16/16 levels left

rFire   . . .      SeeInvis .   o - +3 spear of the Arena {elec, rElec rC+ Will+ Int-5}
rCold   + . .      Faith    .   (no shield)
rNeg    . . .      Spirit   .   m - +0 chain mail
rPois   +          Reflect  .   i - +0 helmet of Shadows and Fog {Rampage rPois}
rElec   +          Harm     .   (no cloak)
rCorr   .          Rampage  +   (no gloves)
Will    +....                   (no boots)
Stlth   ..........              t - amulet of magic regeneration
HPRegen 0.22/turn               q - +4 ring of evasion
MPRegen 0.54/turn               b - ring of poison resistance

@: studying Invocations
A: fangs 1, strong nose, distributed training
a: Renounce Religion, Depart the Abyss, Bend Space, Banish, Corrupt


You were on level 9 of the Dungeon.
You worshipped Lugonu.
Lugonu was greatly pleased with you.
You visited 1 branch of the dungeon, and saw 9 of its levels.
You visited the Abyss 1 time.

You collected 444 gold pieces.

Inventory:

Hand Weapons
 e - a +3 flail of venom
 h - a +5 vampiric hand axe
 o - the +3 spear of the Arena (weapon) {elec, rElec rC+ Will+ Int-5}
   (You found it on level 2 of the Dungeon)

   It occasionally discharges a powerful burst of electricity upon striking a
   foe.
   Int:       It affects your intelligence (-5).
   rC:        It protects you from cold.
   rElec:     It insulates you from electricity.
   Will:      It increases your willpower.
Missiles
 l - 27 poisoned darts (quivered)
Armour
 i - the +0 helmet of Shadows and Fog (worn) {Rampage rPois}
   (You acquired it on level 7 of the Dungeon)

   rPois:     It protects you from poison.
   Rampage:   It bestows one free step when moving towards enemies.
 m - a +0 chain mail (worn)
Jewellery
 b - a ring of poison resistance (right hand)
 q - a +4 ring of evasion (left hand)
 t - an amulet of magic regeneration (around neck)
Wands
 r - a wand of acid (12)
 s - a wand of iceblast (3)
Scrolls
 f - 6 scrolls of teleportation
Potions
 a - a potion of lignification
 c - 2 potions of flight
 d - 2 potions of curing
 j - 3 potions of invisibility
 k - a potion of cancellation
 n - a potion of degeneration
 p - 2 potions of might
 u - a potion of ambrosia


   Skills:
 + Level 7.9 Fighting
 + Level 4.3 Short Blades
 + Level 4.3 Long Blades
 + Level 6.3 Axes
 + Level 4.3 Maces & Flails
 + Level 4.3 Polearms
 + Level 4.3 Staves
 + Level 4.3 Slings
 + Level 4.3 Bows
 + Level 4.3 Crossbows
 + Level 4.3 Throwing
 + Level 6.3 Armour
 + Level 5.1 Dodging
 + Level 4.3 Stealth
 + Level 4.3 Shields
 + Level 4.3 Unarmed Combat
 + Level 4.3 Spellcasting
 + Level 3.5 Conjurations
 + Level 3.5 Hexes
 + Level 3.5 Summonings
 + Level 3.5 Necromancy
 + Level 3.5 Translocations
 + Level 3.5 Transmutations
 + Level 3.5 Fire Magic
 + Level 3.5 Ice Magic
 + Level 3.5 Air Magic
 + Level 3.5 Earth Magic
 + Level 3.5 Poison Magic
 + Level 7.7 Invocations
 + Level 4.3 Evocations


You had 16 spell levels left.
You didn't know any spells.
Your spell library contained the following spells:

 Spells                   Type           Power      Damage    Failure   Level
 Sandblast                Erth           8%         2d5       75%         1
 Shock                    Conj/Air       16%        1d4       75%         1
 Passwall                 Tmut/Erth      3%         N/A       86%         2
 Stone Arrow              Conj/Erth      8%         3d7       98%         3
 Swiftness                Air            4%         N/A       98%         3
 Airstrike                Air            2%         N/A       100%        4
 Olgreb's Toxic Radiance  Pois           4%         N/A       100%        4
 Ozocubu's Refrigeration  Ice            2%         4d5       100%        7
 Ignition                 Fire           2%         3d3       100%        8


Dungeon Overview and Level Annotations

Branches:
Dungeon (9/15)             Temple (0/1) D:5
   Lair: D:8-11         Orc: D:9-12

Altars:
Hepliaklqana
Kikubaaqudgha
Qazlal
Uskayaw

Shops:
D:9 (


Innate Abilities, Weirdness & Mutations

You have very sharp teeth.
Your uncanny sense of smell can sniff out nearby items.
Your experience applies equally to all skills.


Message History

You closely miss the troll. The troll barely misses you.
The troll claws you but does no damage. The troll misses you.
Unknown command.
You hit the troll. You bite the troll.
The troll is lightly wounded.
The troll misses you. The troll claws you. The troll misses you.
You barely miss the troll. You bite the troll, but do no damage.
The troll is lightly wounded.
The troll bites you! The troll claws you!
* * * LOW HITPOINT WARNING * * *
The troll closely misses you.
Unknown command.
You hit the troll. Lightning courses through the troll!
The troll is heavily wounded.
The troll closely misses you. The troll claws you.
* * * LOW HITPOINT WARNING * * *
The troll barely misses you.
Unknown command.
You closely miss the troll.
The troll is heavily wounded.
Unknown command.
You hit the troll but do no damage. Your bite misses the troll.
The troll is heavily wounded.
The troll bites you but does no damage. The troll barely misses you.
The troll claws you.
* * * LOW HITPOINT WARNING * * *
Unknown command.
You hit the troll.
The troll is severely wounded.
The troll barely misses you. The troll claws you!
* * * LOW HITPOINT WARNING * * *
The troll misses you.
Unknown command.
You hit the troll. Lightning courses through the troll!
You bite the troll, but do no damage.
The troll is almost dead.
The troll completely misses you. The troll claws you.
* * * LOW HITPOINT WARNING * * *
The troll claws you.
You die...

#########
#.......#
#.#####.####
#<......⌠.⌠#####
#.##.....∩.....#
##.##.#..⌠.⌠.##.#
#........#####
#..####@##
#..####T#
#.......#
......### ......
.♣.♣. ♣? .♣ ∆ .
.♣ .♣ ∆


You could see a troll.

Vanquished Creatures
  A yak (D:4)
  Menkaure (D:5)
  2 orc warriors (D:6)
  A necrophage (D:6)
  An ogre (D:7)
  2 centaurs
  A phantom (D:5)
  A water moccasin skeleton (D:5)
  6 killer bees (D:9)
  4 jellies
  A centaur zombie (D:7)
  3 hounds
  5 orc priests
  A gnoll shaman (D:7)
  A bullfrog skeleton (D:4)
  2 centaur skeletons (D:7)
  Jessica (D:2)
  5 iguanas
  Terence (D:2)
  3 orc wizards
  2 hound skeletons (D:4)
  Robin (D:3)
  3 gnolls (D:7)
  11 adders
  A white imp (D:6)
  An ufetubus (D:5)
  An adder skeleton (D:5)
  3 worms
  2 dart slugs
  17 orcs
  6 endoplasms
  2 giant cockroaches
  16 goblins
  15 hobgoblins
  6 jackals
  A quokka (D:3)
  16 ball pythons
  3 bats (D:1)
  5 frilled lizards
  11 kobolds
  A quokka skeleton (D:4)
  11 rats
178 creatures vanquished.

Vanquished Creatures (others)
  An orc wizard (D:6)
  A rat (D:1)
  A fungus (D:2)
  3 plants (D:4)
6 creatures vanquished.

Grand Total: 184 creatures vanquished

Notes
Turn   | Place    | Note
-------+----------+-------------------------------------------
     0 | Abyss:1  | Gargoyl the Gnoll Abyssal Knight began the quest for the
                  | Orb.
     0 | Abyss:1  | Reached XP level 1. HP: 23/23 MP: 3/3
     6 | D:1      | Escaped the Abyss
    76 | D:1      | Reached * piety under Lugonu
   113 | D:1      | Reached XP level 2. HP: 27/29 MP: 5/5
   329 | D:1      | Reached XP level 3. HP: 30/35 MP: 6/6
   648 | D:2      | Noticed Jessica
   674 | D:2      | Killed Jessica
   675 | D:2      | Reached skill level 1 in Short Blades
   675 | D:2      | Reached skill level 1 in Long Blades
   675 | D:2      | Reached skill level 1 in Maces & Flails
   675 | D:2      | Reached skill level 1 in Polearms
   675 | D:2      | Reached skill level 1 in Staves
   675 | D:2      | Reached skill level 1 in Slings
   675 | D:2      | Reached skill level 1 in Bows
   675 | D:2      | Reached skill level 1 in Crossbows
   675 | D:2      | Reached skill level 1 in Throwing
   675 | D:2      | Reached skill level 1 in Stealth
   675 | D:2      | Reached skill level 1 in Shields
   675 | D:2      | Reached skill level 1 in Unarmed Combat
   675 | D:2      | Reached skill level 1 in Spellcasting
   675 | D:2      | Reached skill level 1 in Evocations
   675 | D:2      | Reached XP level 4. HP: 3/41 MP: 7/7
  1156 | D:2      | Noticed Terence
  1171 | D:2      | Killed Terence
  1172 | D:2      | Reached skill level 1 in Conjurations
  1172 | D:2      | Reached skill level 1 in Hexes
  1172 | D:2      | Reached skill level 1 in Summonings
  1172 | D:2      | Reached skill level 1 in Necromancy
  1172 | D:2      | Reached skill level 1 in Translocations
  1172 | D:2      | Reached skill level 1 in Transmutations
  1172 | D:2      | Reached skill level 1 in Fire Magic
  1172 | D:2      | Reached skill level 1 in Ice Magic
  1172 | D:2      | Reached skill level 1 in Air Magic
  1172 | D:2      | Reached skill level 1 in Earth Magic
  1172 | D:2      | Reached skill level 1 in Poison Magic
  1622 | D:2      | You fall into a shaft and drop 2 floors!
  1725 | D:4      | Found a hide-covered altar of Uskayaw.
  1734 | D:4      | Reached XP level 5. HP: 47/47 MP: 8/8
  1752 | D:4      | Noticed a yak
  1764 | D:4      | Killed a yak
  1765 | D:4      | Reached skill level 5 in Invocations
  1765 | D:4      | Reached XP level 6. HP: 39/53 MP: 9/9
  1771 | D:4      | Reached ** piety under Lugonu
  1790 | D:4      | Reached skill level 5 in Axes
  1790 | D:4      | Reached skill level 5 in Armour
  2343 | D:2      | Identified the +3 spear of the Arena {elec, rElec rC+ Will+
                  | Int-5}
  2587 | D:2      | Found a faded altar of an unknown god.
  2619 | D:3      | Noticed Robin
  3016 | D:3      | Killed Robin
  3340 | D:3      | Reached XP level 7. HP: 42/59 MP: 10/10
  3555 | D:3      | Reached *** piety under Lugonu
  3607 | D:3      | Found a stormy altar of Qazlal.
  4542 | D:4      | Found a hazy altar of Hepliaklqana.
  4741 | D:5      | Entered Level 5 of the Dungeon
  5081 | D:5      | Found an ancient bone altar of Kikubaaqudgha.
  5510 | D:5      | Found a staircase to the Ecumenical Temple.
  5706 | D:5      | Reached XP level 8. HP: 46/67 MP: 12/12
  5826 | D:5      | Noticed Menkaure
  5833 | D:5      | Killed Menkaure
  6099 | D:6      | HP: 3/67 [orc warrior (18)]
  6752 | D:6      | Reached **** piety under Lugonu
  7426 | D:7      | Identified a scroll of acquirement
  7426 | D:7      | Acquired the +0 helmet of Shadows and Fog {Rampage rPois}
  7505 | D:7      | Reached XP level 9. HP: 51/72 MP: 14/14
  9062 | D:9      | Found Zocen's Weapon Shoppe.
  9083 | D:9      | Noticed a troll
  9087 | D:9      | Reached skill level 5 in Dodging
  9127 | D:9      | HP: 2/74 [troll (2)]
  9127 | D:9      | Slain by a troll

Illustrated notes

Levels and vault maps discovered:
D:1:      ebering_hopf_link, layout_rooms
D:2:      layout_loops_cross, shapermc_ecumenical_altar_hornbeckon,
          minmay_door_square, uniq_terence, uniq_jessica
D:3:      minmay_razor_zed, layout_rooms, lemuel_doored_altar,
          grunt_ministairs_11, uniq_robin
D:4:      layout_basic, mainiacjoe_overflow_brackets, kennysheep_mini_moat,
          serial_bayou_ford_a, minmay_manual_moon
D:5:      layout_basic, amcnicky_altar_gilded, minmay_temple_entry_junction_2,
          uniq_menkaure
D:6:      layout_loops_ring
D:7:      layout_cave_pools, serial_column_ruins, column_ruins_grid_3,
          column_ruins_grid_3, column_ruins_open_small,
          column_ruins_open_tiny_water, column_ruins_open_tiny,
          column_ruins_grid_3, column_ruins_columns_corner
D:8:      layout_basic
D:9:      layout_loops_cross, serial_shops, shop_fountains, shop_fountains,
          kennysheep_donut, kennysheep_crisscross, roderic_roman_lattice

Skill      XL: |  1  2  3  4  5  6  7  8  9 |
---------------+----------------------------+-----
Short Blades   | 1 2 3 4 |  4.3
Long Blades    | 1 2 3 4 |  4.3
Maces & Flails | 1 2 3 4 |  4.3
Polearms       | 1 2 3 4 |  4.3
Staves         | 1 2 3 4 |  4.3
Slings         | 1 2 3 4 |  4.3
Bows           | 1 2 3 4 |  4.3
Crossbows      | 1 2 3 4 |  4.3
Throwing       | 1 2 3 4 |  4.3
Stealth        | 1 2 3 4 |  4.3
Shields        | 1 2 3 4 |  4.3
Unarmed Combat | 1 2 3 4 |  4.3
Spellcasting   | 1 2 3 4 |  4.3
Evocations     | 1 2 3 4 |  4.3
Conjurations   | 1 2 3 |  3.5
Hexes          | 1 2 3 |  3.5
Summonings     | 1 2 3 |  3.5
Necromancy     | 1 2 3 |  3.5
Translocations | 1 2 3 |  3.5
Transmutations | 1 2 3 |  3.5
Fire Magic     | 1 2 3 |  3.5
Ice Magic      | 1 2 3 |  3.5
Air Magic      | 1 2 3 |  3.5
Earth Magic    | 1 2 3 |  3.5
Poison Magic   | 1 2 3 |  3.5
Dodging        | 3 4 5 |  5.1
Invocations    | 5 7 |  7.7
Axes           | 5 6 |  6.3
Armour         | 5 6 |  6.3
Fighting       | 7 |  7.9

Action                   |  1- 3 |  4- 6 |  7- 9 || total
-------------------------+-------+-------+-------++-------
Melee: Hand axe          |    61 |    17 |       ||    78
       Bite              |     2 |    18 |    47 ||    67
       Punch             |     1 |     1 |     5 ||     7
       Flail             |       |   152 |   146 ||   298
       Spear             |       |       |   225 ||   225
Throw: Dart              |       |     4 |       ||     4
Invok: Depart the Abyss  |     1 |       |       ||     1
       Banish            |       |       |     3 ||     3
  Use: Potion            |       |     2 |     3 ||     5
       Scroll            |       |       |    19 ||    19
Armor: Ring mail         |    45 |     1 |       ||    46
       Scale mail        |       |    11 |       ||    11
       Chain mail        |       |   110 |   245 ||   355
Dodge: Dodged            |    57 |    92 |   295 ||   444

Table legend: (Time is in decaauts)
 A = Elapsed time spent in this place.
 B = Non-inter-level travel time spent in this place.
 C = Inter-level travel time spent in this place.
 D = Time resting spent in this place.
 E = Time spent auto-exploring this place.
 F = Levels seen in this place.
 G = Mean time per level.
                   A        B        C        D        E       F      G
               +--------+--------+--------+--------+--------+-----+--------+
         Total |   9223 |   9072 |    151 |   1209 |   6068 |  10 |  922.3 |
       Dungeon |   9217 |   9066 |    151 |   1209 |   6064 |   9 | 1024.1 |
         Abyss |      6 |      6 |      0 |      0 |      4 |   1 |    6.0 |
               +--------+--------+--------+--------+--------+-----+--------+

Top non-repeatable levels by time:
     D:2: 1797 daAuts
     D:5: 1365 daAuts
     D:7: 1313 daAuts
     D:6: 1237 daAuts
     D:4: 1199 daAuts
     D:3: 1096 daAuts
     D:1: 741 daAuts
     D:8: 404 daAuts
     D:9: 61 daAuts
 Abyss:1: 6 daAuts
